AoeStats
← chekoww

Highland

504309902Analyzed
2v2 RM · 26d ago on Sep 4, 2026· 55m 21s· 4 players
Game mode
Random Map
Map size
Medium (4 player)
Population
200
Speed
Normal
Resources
Standard
Victory
Conquest
Starting age
Dark Age
Ending age
Imperial Age
RankedLock teamsTeams togetherTeam positionsShared explorationLock speedFull tech treeHidden civsTurbo modeCheats
Victory
Defeat
🇩🇪 Britons · Germany
682
+10
🇩🇪 Italians · Germany
654
+11
🇸🇪 Portuguese · Sweden
574
-11
🇬🇧 Franks · United Kingdom
524
-10
Chrisjohn09
12:20 Feudal Age
16:06 Double-Bit Axe
22:40 Castle Age
27:30 Man-at-Arms
chekoww
0:52 Loom
10:57 Feudal Age
12:05 Double-Bit Axe
12:06 Horse Collar
13:28 Fishing Lines
14:47 Town Watch
17:04 Gold Mining
22:53 Castle Age
21:14 Forging
21:04 Scale Mail Armor
21:10 Scale Barding Armor
21:18 Arson
22:56 Wheelbarrow
23:01 Fletching
27:27 Stone Mining
29:32 Stone Shaft Mining
28:56 Bodkin Arrow
28:36 Elite Skirmisher
38:01 Ballistics
38:21 Padded Archer Armor
39:42 Masonry
40:17 Circumnavigation
41:28 Bow Saw
46:29 Imperial Age
45:28 Crossbowman
47:17 Arquebus
48:35 Chemistry
50:55 Conscription
52:09 Arbalester
52:57 Thumb Ring
54:55 Two-Man Saw
54:16 Chain Mail Armor
insertcooln4me
11:08 Feudal Age
12:46 Loom
14:26 Double-Bit Axe
17:48 Town Watch
18:39 Wheelbarrow
25:11 Castle Age
28:24 Crossbowman
28:31 Crossbowman
30:12 Hand Cart
32:30 Gold Mining
32:30 Stone Mining
35:55 Gold Shaft Mining
36:37 Fletching
36:47 Padded Archer Armor
42:24 Imperial Age
41:54 Yeomen
41:58 Bodkin Arrow
42:18 Leather Archer Armor
46:54 Conscription
54:21 Cavalier
55:33 Ballistics
ChrisiPK
6:08 Loom
10:54 Feudal Age
15:44 Wheelbarrow
14:58 Town Watch
24:18 Castle Age
24:01 Gold Mining
24:27 Forging
24:07 Fletching
24:18 Padded Archer Armor
24:12 Double-Bit Axe
25:25 Crossbowman
27:33 Bodkin Arrow
27:54 Leather Archer Armor
28:07 Bow Saw
31:49 Thumb Ring
32:48 Hand Cart
32:40 Town Patrol
35:45 Iron Casting
35:34 Stone Mining
39:54 Ballistics
42:09 Imperial Age
40:07 Husbandry
39:29 Light Cavalry
40:25 Bloodlines
40:32 Bloodlines
44:12 Chemistry
43:42 Shipwright
45:56 Conscription
46:50 Arbalester
47:48 Elite Cannon Galleon
Connection lost

Rejoining the realm…

Still unreachable

The connection could not be restored.

Session expired

The server has moved on; the page needs a fresh start.